AoeStats
← FoldedAunt23528

Arabian Desert

510023681Analyzed
1v1 RM · 2d ago on Sep 29, 2026· 42m 4s· 2 players
Game mode
Random Map
Map size
Tiny (2 player)
Population
200
Speed
Normal
Resources
Standard
Victory
Conquest
Starting age
Dark Age
Ending age
Imperial Age
RankedLock teamsTeams togetherTeam positionsShared explorationLock speedFull tech treeHidden civsTurbo modeCheats
Victory
Defeat
🇯🇵 Saracens · Japan
1154
+17
🇻🇪 Ethiopians · Venezuela
1178
-17
FoldedAunt23528
6:52 Loom
9:34 Feudal Age
10:27 Double-Bit Axe
11:30 Gold Mining
14:03 Fletching
24:19 Castle Age
22:23 Horse Collar
23:46 Padded Archer Armor
24:19 Crossbowman
25:10 Bodkin Arrow
27:13 Gold Shaft Mining
28:23 Stone Mining
29:41 Thumb Ring
30:43 Town Watch
35:29 Wheelbarrow
38:14 Imperial Age
36:33 Heavy Plow
39:27 Bow Saw
40:39 Hand Cart
joelbirouti
0:27 Loom
9:10 Feudal Age
9:59 Double-Bit Axe
15:42 Fletching
16:18 Horse Collar
17:35 Padded Archer Armor
25:21 Castle Age
23:16 Gold Mining
23:23 Stone Mining
24:07 Scale Mail Armor
24:03 Arson
24:58 Forging
25:32 Crossbowman
26:19 Bodkin Arrow
27:27 Leather Archer Armor
35:44 Bow Saw
37:03 Squires
38:51 Heavy Plow
42:26 Iron Casting
42:39 Chain Mail Armor
Connection lost

Rejoining the realm…

Still unreachable

The connection could not be restored.

Session expired

The server has moved on; the page needs a fresh start.